 Dungeon Sprint DCSS version 0.18.1-5-g4a78601 (webtiles) character file.

10974 pipel the Ruinous (level 13, -19/70 HPs)
             Began as a Tengu Air Elementalist on May 14, 2016.
             Was the Champion of Vehumet.
             Rolled over by a boulder beetle (24 damage)
             ... in the Dungeon (Sprint VI: "Thunderdome").
             The game lasted 00:49:45 (2315 turns).

pipel the Ruinous (Tengu Air Elementalist)          Turns: 2315, Time: 00:49:47

Health: -19/70     AC: 12    Str: 20    XL:     13   Next: 95%
Magic:  5/37       EV: 17    Int: 23    God:    Vehumet [******]
Gold:   408        SH: 13    Dex: 29    Spells: 12 memorised, 6 levels left

rFire  + . .     SeeInvis +     c - +0 short sword
rCold  + + +     Gourm    .     C - +2 robe of the Gastropod {rN++ SInv}
rNeg   + + +     Faith    .     e - +6 buckler of Neges {*Confuse Regen+ Slay+3 SInv}
rPois  +         Spirit   .     v - +4 hat of the Iron City of Dis {rF+ Str+7 Dex+2}
rElec  +         Dismiss  .     z - +0 cloak of Myunace {+Blink Dex+4}
rCorr  .         Reflect  .     u - +2 pair of gloves of Liberty {rN+ Str+3 Dex+6}
SustAt .         Harm     .     (boots unavailable)
MR     .....     NoTele   +     n - amulet of Koig {RegenMP +Inv Int+3 Slay+2}
Stlth  ++........               w - ring "Voany" {*Drain +Fly rPois rC++}
                                I - ring of Sepe {rElec rC+ Dex+3 Slay+3 Stlth-}

@: very slightly contaminated, repel missiles, not resistant to hostile
enchantments, unstealthy
A: beak, talons 3, subdued magic 1, able to fly 1
a: Fly, Renounce Religion, Evoke Blink, Evoke Invisibility, Evoke Flight
}: 2/15 runes: serpentine, barnacled


You were in the Dungeon.
You worshipped Vehumet.
Vehumet was exalted by your worship.
You were very hungry.

You visited 1 branch You collected 4050 gold pieces.
You spent 3642 gold pieces at shops.

Inventory:

Hand Weapons
 c - a +0 short sword (weapon)
Armour
 a - a +0 robe
 e - the +6 buckler of Neges (worn) {*Confuse Regen+ Slay+3 SInv}
   (You bought it in a shop in the Dungeon)

   It affects your accuracy and damage with ranged weapons and melee attacks
   (+3).
   It lets you see invisible.
   It increases your rate of regeneration.
   It may confuse you when you take damage.
 u - the +2 pair of gloves of Liberty (worn) {rN+ Str+3 Dex+6}
   (You bought it in a shop in the Dungeon)

   It affects your strength (+3).
   It affects your dexterity (+6).
   It protects you from negative energy.
 v - the +4 hat of the Iron City of Dis (worn) {rF+ Str+7 Dex+2}
   (You bought it in a shop in the Dungeon)

   It affects your strength (+7).
   It affects your dexterity (+2).
   It protects you from fire.
 x - a troll hide
 y - a +0 robe of magic resistance
 z - the +0 cloak of Myunace (worn) {+Blink Dex+4}
   (You bought it in a shop in the Dungeon)

   It affects your dexterity (+4).
   It lets you blink.
 B - the +1 robe of Quiben {-Tele rElec rPois MR- Dex+9}
   (You bought it in a shop in the Dungeon)

   It affects your dexterity (+9).
   It insulates you from electricity.
   It protects you from poison.
   It affects your resistance to hostile enchantments.
   It prevents most forms of teleportation.
 C - the +2 robe of the Gastropod (worn) {rN++ SInv}
   (You bought it in a shop in the Dungeon)

   It greatly protects you from negative energy.
   It lets you see invisible.
Jewellery
 n - the amulet of Koig (around neck) {RegenMP +Inv Int+3 Slay+2}
   (You bought it in a shop in the Dungeon)

   [amulet of magic regeneration]

   It increases your magic regeneration.
   It affects your intelligence (+3).
   It affects your accuracy and damage with ranged weapons and melee attacks
   (+2).
   It lets you turn invisible.
 o - the ring "Usoumeph" {rPois rC- MR+++ MP+9 Dex-5}
   (You bought it in a shop in the Dungeon)

   [ring of magical power]

   It affects your dexterity (-5).
   It makes you vulnerable to cold.
   It protects you from poison.
   It affects your resistance to hostile enchantments.
   It affects your magic capacity (+9).
 p - the ring "Kylie" {*Drain rN+ Str+5 Dex+2}
   (You bought it in a shop in the Dungeon)

   [ring of strength]

   It affects your strength (+5).
   It affects your dexterity (+2).
   It protects you from negative energy.
   It causes draining when unequipped.
 s - an uncursed ring of poison resistance {unknown}
 w - the ring "Voany" (right hand) {*Drain +Fly rPois rC++}
   (You bought it in a shop in the Dungeon)

   [ring of flight]

   It greatly protects you from cold.
   It protects you from poison.
   It lets you fly.
   It causes draining when unequipped.
 D - the ring "Biry Aro" {Fire +Inv rN+++ Str+4}
   (You bought it in a shop in the Dungeon)

   [ring of fire]

   It enhances your fire magic, and weakens your ice magic.
   It affects your strength (+4).
   It protects you from fire.
   It makes you vulnerable to cold.
   It renders you almost immune to negative energy.
   It lets you turn invisible.
 E - the ring of Xom's Capriciousness {Ice Int+2}
   (You bought it in a shop in the Dungeon)

   [ring of ice]

   It enhances your ice magic, and weakens your fire magic.
   It affects your intelligence (+2).
   It makes you vulnerable to fire.
   It protects you from cold.
 F - the ring of Bodily Harmony {*Confuse rPois Int+3 Dex+2 Stlth+}
   (You bought it in a shop in the Dungeon)

   [ring of intelligence]

   It affects your intelligence (+3).
   It affects your dexterity (+2).
   It protects you from poison.
   It may confuse you when you take damage.
   It makes you more stealthy.
 G - the ring of the Countless Nights {SustAt rElec rPois rC- Dex+4}
   (You bought it in a shop in the Dungeon)

   [ring of sustain attributes]

   It sustains your strength, intelligence and dexterity.
   It affects your dexterity (+4).
   It makes you vulnerable to cold.
   It insulates you from electricity.
   It protects you from poison.
 H - the ring "Gaug" {Ice Int+3 Dex+5}
   (You bought it in a shop in the Dungeon)

   [ring of ice]

   It enhances your ice magic, and weakens your fire magic.
   It affects your intelligence (+3).
   It affects your dexterity (+5).
   It makes you vulnerable to fire.
   It protects you from cold.
 I - the ring of Sepe (left hand) {rElec rC+ Dex+3 Slay+3 Stlth-}
   (You bought it in a shop in the Dungeon)

   [ring of loudness]

   It affects your dexterity (+3).
   It affects your accuracy and damage with ranged weapons and melee attacks
   (+3).
   It protects you from cold.
   It insulates you from electricity.
   It makes you less stealthy.
Wands
 k - a wand of acid (2/15)
 l - a wand of iceblast (0/15)
Scrolls
 i - 3 scrolls of blinking
 m - 3 scrolls of fog
 q - a scroll of recharging
 r - 5 scrolls of amnesia
 A - 15 scrolls of remove curse
Potions
 d - a potion of curing
 f - 3 potions of haste
 g - a potion of magic
 h - a potion of berserk rage
 j - 3 potions of heal wounds
Books
 b - a book of Air

   Spells                             Type                      Level
   a - Shock                          Conjuration/Air              1
   b - Swiftness                      Charms/Air                   2
   c - Repel Missiles                 Charms/Air                   2
   d - Static Discharge               Conjuration/Air              3
   e - Lightning Bolt                 Conjuration/Air              5
Comestibles
 t - 3 royal jellies
 J - a chunk of flesh


   Skills:
 - Level 3.7 Fighting
 - Level 4.4 Dodging
 - Level 3.3 Stealth
 - Level 5.9 Shields
 + Level 19.8 Spellcasting
 + Level 22.7 Conjurations
 - Level 0.7 Charms
 - Level 3.1 Fire Magic
 * Level 6.3 Ice Magic
 - Level 11.7 Air Magic
 - Level 1.5 Poison Magic
 - Level 9.5 Evocations


You had 6 spell levels left.
You knew the following spells:

 Your Spells              Type           Power        Failure   Level  Hunger
a - Shock                 Conj/Air       ####         0%          1    None
b - Static Discharge      Conj/Air       ######..     0%          3    None
c - Lightning Bolt        Conj/Air       ######....   1%          5    None
d - Repel Missiles        Chrm/Air       #####.       1%          2    None
e - Swiftness             Chrm/Air       #####...     1%          2    None
f - Sting                 Conj/Pois      ####         0%          1    None
g - Mephitic Cloud        Conj/Pois/Air  ######..     1%          3    None
h - Conjure Flame         Conj/Fire      ######..     0%          3    None
i - Irradiate             Conj/Trmt      ######....   1%          5    None
j - Bolt of Fire          Conj/Fire      ######....   1%          6    ###....
k - Freezing Cloud        Conj/Ice/Air   ######....   1%          6    ###....
l - Chain Lightning       Conj/Air       ######....   3%          8    ######.


Dungeon Overview and Level Annotations

Branches:
Dungeon (1/1)

Altars:
Cheibriados
Dithmenos
Fedhas
Gozag
Kikubaaqudgha
Makhleb
Okawaru
Pakellas
Qazlal
Ru
Sif Muna
Trog
Vehumet
Xom
Yredelemnul
Zin
The Shining One
Jiyva
Lugonu

Shops:
D *[%??*?*:[((!!!!


Innate Abilities, Weirdness & Mutations

You have a beak for a mouth.
You have claws for feet.
You can fly.
Your spells are a little easier to cast, but a little less powerful.


Message History

You are starving!
You block the boulder beetle's attack. x2
A boulder beetle comes into view.
You take 1 damage, and have 2/70 hp.
You now have 3/37 mp.
Things that are here:
a robe; a dagger; a boulder beetle corpse You don't have the energy to cast that spell.
Eat one of 2 chunks of flesh? (ye/n/q/i?) This raw flesh tastes terrible.
You are feeling very hungry.
You continue eating.
You flicker back into view.
The boulder beetle twitches its antennae in your direction. x2
The boulder beetle curls into a ball and starts rolling!
The boulder beetle smashes into the boulder beetle!
The boulder beetle stops rolling.
The boulder beetle curls into a ball and starts rolling!
You continue eating.
The boulder beetle smashes into you!
You die...

#_.[..[.._#
###.........###
#B[..........)#
######.8.........8.#
##∩___......###......
###∩..........# #.8....
##.........[...###......
#§..........###...###..)
#⌠...†.@....# #.<.# #...
#⌠....[B.[..###)..###...
##..B.§.....†..###......
###∩.B.B....8)# #.8..).
##∩___.....)###......
######.8......[..8.#
#§....†††.[..⌠#
###.........###
#_...†....#


You could see 5 boulder beetles.

Vanquished Creatures
  An ancient champion (D)
  A merfolk avatar (D)
  A vampire knight (D)
  3 eidola (D)
  A deep elf death mage (D)
  Josephine (D)
  A naga warrior (D)
  A skeletal warrior (D)
  An orc knight (D)
  3 phantasmal warriors (D)
  2 hornets (D)
  9 orb spiders (D)
  An orc sorcerer (D)
  8 ugly things (D)
  A black mamba (D)
  A freezing wraith (D)
  2 trolls (D)
  A merfolk (D)
  Grinder (D)
  9 boulder beetles (D)
  6 wraiths (D)
  A steam dragon (D)
  7 vampire mosquitoes (D)
  An insubstantial wisp (D)
  2 water moccasins (D)
  2 orc warriors (D)
  3 sky beasts (D)
  4 wasps (D)
  A gnoll sergeant (D)
  6 scorpions (D)
  An orc priest (D)
  An orc wizard (D)
  A lightning spire (D)
  2 adders (D)
  2 shadow imps (D)
  A white imp (D)
  An ufetubus (D)
  A ball python (D)
  7 kobolds (D)
99 creatures vanquished.

Vanquished Creatures (others)
  An eldritch tentacle (D)
  A kobold (D)
  24 eldritch tentacle segments (D)
26 creatures vanquished.

Grand Total: 125 creatures vanquished

Notes
Turn   | Place    | Note
--------------------------------------------------------------
     0 | D        | pipel the Tengu Air Elementalist began the quest for the Orb.
     0 | D        | Reached XP level 1. HP: 10/10 MP: 4/4
     1 | D        | Found an iron altar of Okawaru.
     1 | D        | Found an ancient bone altar of Kikubaaqudgha.
     2 | D        | Found an oddly glowing altar of Pakellas.
     2 | D        | Found a blossoming altar of Fedhas.
     3 | D        | Found a radiant altar of Vehumet.
     3 | D        | Found a viscous altar of Jiyva.
     4 | D        | Found Oxeufer's Identification Station.
     4 | D        | Found a bloodstained altar of Trog.
     4 | D        | Found an opulent altar of Gozag.
     4 | D        | Found Led Moismedy's Bee Food.
     5 | D        | Found Baemu's Advanced Armour.
     5 | D        | Found Xyugg's Jewellery.
     5 | D        | Round 1.
     7 | D        | Found a deep blue altar of Sif Muna.
    13 | D        | Bought a coiled emerald amulet for 45 gold pieces
    13 | D        | Bought a heavily runed iron ring for 45 gold pieces
    13 | D        | Bought a crude marble ring for 45 gold pieces
    13 | D        | Identified the amulet of Koig {RegenMP +Inv Int+3 Slay+2} (You bought it in a shop in the Dungeon)
    14 | D        | Identified the ring "Usoumeph" {rPois rC- MR+++ MP+9 Dex-5} (You bought it in a shop in the Dungeon)
    15 | D        | Identified the ring "Kylie" {*Drain rN+ Str+5 Dex+2} (You bought it in a shop in the Dungeon)
    23 | D        | Became a worshipper of Vehumet
    29 | D        | Found a glowing silver altar of Zin.
    32 | D        | Noticed a water moccasin
    34 | D        | Killed a water moccasin
    34 | D        | Reached skill level 2 in Conjurations
    34 | D        | Reached XP level 2. HP: 15/15 MP: 7/7
    34 | D        | Reached XP level 3. HP: 19/19 MP: 9/9
    34 | D        | Reached XP level 4. HP: 24/24 MP: 10/10
    39 | D        | Learned a level 3 spell: Static Discharge
    41 | D        | Gained mutation: You can fly. [Tengu growth]
    41 | D        | Reached XP level 5. HP: 28/28 MP: 11/12
    42 | D        | Found a burning altar of Makhleb.
    43 | D        | Found a basalt altar of Yredelemnul.
    44 | D        | Reached * piety under Vehumet
    44 | D        | Offered knowledge of Freeze by Vehumet.
    45 | D        | Found a glowing golden altar of the Shining One.
    45 | D        | Found a sacrificial altar of Ru.
    46 | D        | Found Xiraeb's Do-It-Yourself Clinic.
    46 | D        | Found Juehuat's Distillery.
    47 | D        | Found Dyogasel's Bottled Wisdom.
    47 | D        | Found Bekemoaq's Distillery.
    52 | D        | Found a corrupted altar of Lugonu.
    60 | D        | Found a shadowy altar of Dithmenos.
    62 | D        | Found a stormy altar of Qazlal.
    63 | D        | Found Obaicky's Staff Store.
    64 | D        | Found Qerhifye's Must-Have Magic.
    64 | D        | Found Juomarche's Magic Scroll Shop.
    65 | D        | Found a snail-covered altar of Cheibriados.
    65 | D        | Found Teitum's Magic Scroll Shop.
    79 | D        | Learned a level 5 spell: Lightning Bolt
    81 | D        | Found a shimmering altar of Xom.
    81 | D        | Found Woocouq's Weapon Rack.
    81 | D        | Found Cuarumn's Premium Goods.
    82 | D        | Found Asyossoca's Basic Armour.
    82 | D        | Found Vuups's Miscellaneous Merchandise.
   126 | D        | Noticed a water moccasin
   133 | D        | Killed a water moccasin
   133 | D        | Reached skill level 4 in Conjurations
   133 | D        | Reached XP level 6. HP: 20/33 MP: 6/17
   133 | D        | Arena points: 12 (+12) [x2]
   133 | D        | Reached skill level 5 in Conjurations
   138 | D        | Learned a level 2 spell: Repel Missiles
   142 | D        | Learned a level 2 spell: Swiftness
   194 | D        | Round 2.
   197 | D        | Reached ** piety under Vehumet
   261 | D        | Noticed Grinder
   265 | D        | Killed Grinder
   265 | D        | Offered knowledge of Sting by Vehumet.
   265 | D        | Reached skill level 1 in Fighting
   265 | D        | Reached skill level 7 in Conjurations
   265 | D        | Reached XP level 7. HP: 38/38 MP: 10/21
   316 | D        | Learned a level 1 spell: Sting
   317 | D        | Offered knowledge of Mephitic Cloud by Vehumet.
   317 | D        | Reached *** piety under Vehumet
   317 | D        | Arena points: 48 (+36) [x3]
   323 | D        | Learned a level 3 spell: Mephitic Cloud
   391 | D        | Round 3.
   407 | D        | Offered knowledge of Conjure Flame by Vehumet.
   407 | D        | Reached skill level 10 in Spellcasting
   413 | D        | Learned a level 3 spell: Conjure Flame
   447 | D        | Noticed a steam dragon
   449 | D        | Killed a steam dragon
   449 | D        | Reached skill level 8 in Conjurations
   449 | D        | Reached skill level 1 in Poison Magic
   472 | D        | Reached skill level 9 in Conjurations
   477 | D        | Noticed an insubstantial wisp
   480 | D        | Reached **** piety under Vehumet
   480 | D        | Offered knowledge of Lee's Rapid Deconstruction by Vehumet.
   480 | D        | Reached XP level 8. HP: 44/44 MP: 17/24
   483 | D        | Reached skill level 10 in Conjurations
   499 | D        | Arena points: 132 (+84) [x4]
   558 | D        | Round 4.
   574 | D        | Reached skill level 11 in Conjurations
   576 | D        | Reached ***** piety under Vehumet
   582 | D        | Arena points: 272 (+140) [x5]
   593 | D        | Bought 3 scrolls of recharging for 285 gold pieces
   593 | D        | Bought 5 scrolls of amnesia for 175 gold pieces
   644 | D        | Round 5.
   648 | D        | Noticed a black mamba
   652 | D        | Killed a black mamba
   652 | D        | Offered knowledge of Irradiate by Vehumet.
   652 | D        | Reached skill level 12 in Conjurations
   652 | D        | Reached skill level 10 in Air Magic
   654 | D        | Noticed a naga warlord
   669 | D        | Killed a naga warlord
   669 | D        | Arena points: 552 (+280) [x7]
   669 | D        | Reached skill level 13 in Conjurations
   669 | D        | Reached XP level 9. HP: 37/49 MP: 5/27
   670 | D        | Got a serpentine rune of Zot
   671 | D        | Reached skill level 14 in Conjurations
   671 | D        | Reached XP level 10. HP: 43/56 MP: 5/28
   678 | D        | Learned a level 5 spell: Irradiate
   853 | D        | Round 6.
   853 | D        | Noticed a cyan ugly thing
   855 | D        | Noticed a purple ugly thing
   861 | D        | Killed a purple ugly thing
   861 | D        | Reached skill level 1 in Evocations
   862 | D        | Noticed a white ugly thing
   863 | D        | Noticed a green ugly thing
   864 | D        | Noticed a green ugly thing
   865 | D        | Noticed a cyan ugly thing
   865 | D        | Noticed a brown ugly thing
   867 | D        | Noticed a purple ugly thing
   868 | D        | Killed a white ugly thing
   871 | D        | Killed a purple ugly thing
   871 | D        | Reached skill level 5 in Evocations
   874 | D        | Killed a green ugly thing
   879 | D        | Killed a purple ugly thing
   879 | D        | Offered knowledge of Bolt of Cold by Vehumet.
   879 | D        | Reached XP level 11. HP: 40/60 MP: 7/30
   879 | D        | Killed a purple ugly thing
   881 | D        | Killed a brown ugly thing
   881 | D        | Reached skill level 15 in Conjurations
   882 | D        | Killed a brown ugly thing
   882 | D        | Arena points: 984 (+432) [x8]
   922 | D        | Round 7.
   942 | D        | Noticed a phantasmal warrior
   944 | D        | Killed a phantasmal warrior
   944 | D        | Reached skill level 15 in Spellcasting
   944 | D        | Reached skill level 16 in Conjurations
   973 | D        | Noticed a phantasmal warrior
   983 | D        | Killed a phantasmal warrior
  1046 | D        | Noticed an eidolon
  1047 | D        | Noticed a phantasmal warrior
  1047 | D        | Killed a phantasmal warrior
  1047 | D        | Reached ****** piety under Vehumet
  1050 | D        | Killed an eidolon
  1050 | D        | Reached skill level 17 in Conjurations
  1068 | D        | Offered knowledge of Bolt of Magma by Vehumet.
  1068 | D        | Arena points: 1551 (+567) [x9]
  1079 | D        | Bought 3 royal jellies for 24 gold pieces
  1079 | D        | Bought 3 royal jellies for 24 gold pieces
  1089 | D        | Bought a pair of brightly glowing gloves for 332 gold pieces
  1094 | D        | Identified the +2 pair of gloves of Liberty {rN+ Str+3 Dex+6} (You bought it in a shop in the Dungeon)
  1094 | D        | Bought a warped hat for 315 gold pieces
  1099 | D        | Identified the +4 hat of the Iron City of Dis {rF+ Str+7 Dex+2} (You bought it in a shop in the Dungeon)
  1107 | D        | Round 8.
  1170 | D        | Noticed an orc knight
  1173 | D        | Killed an orc knight
  1173 | D        | Reached skill level 18 in Conjurations
  1211 | D        | Noticed an orc sorcerer
  1218 | D        | Killed an orc sorcerer
  1218 | D        | Offered knowledge of Bolt of Fire by Vehumet.
  1226 | D        | Learned a level 6 spell: Bolt of Fire
  1240 | D        | Arena points: 2351 (+800) [x10]
  1280 | D        | Bought a jewelled cloak for 332 gold pieces
  1285 | D        | Identified the +0 cloak of Myunace {+Blink Dex+4} (You bought it in a shop in the Dungeon)
  1300 | D        | Round 9.
  1375 | D        | Offered knowledge of Ozocubu's Refrigeration by Vehumet.
  1379 | D        | Arena points: 3242 (+891) [x11]
  1392 | D        | Bought 15 scrolls of remove curse for 450 gold pieces
  1459 | D        | Round 10.
  1460 | D        | Noticed a dimme
  1471 | D        | Noticed a sea snake
  1474 | D        | Noticed an eldritch tentacle
  1477 | D        | Noticed a merfolk avatar
  1485 | D        | Killed a dimme
  1485 | D        | Arena points: 4542 (+1300) [x13]
  1485 | D        | Killed an eldritch tentacle
  1485 | D        | Reached skill level 19 in Conjurations
  1485 | D        | Reached XP level 12. HP: 45/66 MP: 17/34
  1498 | D        | Bought 4 potions of curing for 84 gold pieces
  1522 | D        | Got a barnacled rune of Zot
  1523 | D        | Reached XP level 13. HP: 43/70 MP: 35/35
  1657 | D        | Round 11.
  1761 | D        | Reached skill level 20 in Conjurations
  1783 | D        | Offered knowledge of Freezing Cloud by Vehumet.
  1789 | D        | Arena points: 6082 (+1540) [x14]
  1798 | D        | Learned a level 6 spell: Freezing Cloud
  1807 | D        | Bought a shimmering buckler for 332 gold pieces
  1812 | D        | Identified the +6 buckler of Neges {*Confuse Regen+ Slay+3 SInv} (You bought it in a shop in the Dungeon)
  1820 | D        | Bought an ancient robe for 199 gold pieces
  1830 | D        | Identified the +1 robe of Quiben {-Tele rElec rPois MR- Dex+9} (You bought it in a shop in the Dungeon)
  1830 | D        | Bought a twisted robe for 199 gold pieces
  1836 | D        | Round 12.
  1840 | D        | Identified the +2 robe of the Gastropod {rN++ SInv} (You bought it in a shop in the Dungeon)
  1888 | D        | Noticed an eidolon
  1894 | D        | Noticed Josephine
  1898 | D        | Killed an eidolon
  1898 | D        | Reached skill level 1 in Shields
  1898 | D        | Reached skill level 21 in Conjurations
  1898 | D        | Reached skill level 1 in Ice Magic
  1903 | D        | Killed Josephine
  1931 | D        | Noticed a deep elf death mage
  1940 | D        | Killed a deep elf death mage
  1940 | D        | Offered knowledge of Poisonous Cloud by Vehumet.
  1954 | D        | Noticed an eidolon
  1955 | D        | Noticed a vampire knight
  1964 | D        | Killed a vampire knight
  1976 | D        | Noticed an ancient champion
  1985 | D        | HP: 3/70 [eidolon (2)]
  1994 | D        | Bought 6 potions of magic for 336 gold pieces
  1996 | D        | Killed an ancient champion
  2001 | D        | Killed an eidolon
  2001 | D        | Arena points: 8062 (+1980) [x15]
  2001 | D        | Reached skill level 5 in Shields
  2001 | D        | Reached skill level 22 in Conjurations
  2009 | D        | Bought 3 potions of heal wounds for 105 gold pieces
  2023 | D        | Round 13.
  2062 | D        | Reached skill level 5 in Ice Magic
  2101 | D        | Gained mutation: Your spells are a little easier to cast, but a little less powerful. [mutagenic glow]
  2132 | D        | Offered knowledge of Fire Storm by Vehumet.
  2132 | D        | Offered knowledge of Glaciate by Vehumet.
  2132 | D        | Offered knowledge of Chain Lightning by Vehumet.
  2146 | D        | Arena points: 10974 (+2912) [x16]
  2157 | D        | Learned a level 8 spell: Chain Lightning
  2190 | D        | Bought a transparent ivory ring for 45 gold pieces
  2191 | D        | Identified the ring "Voany" {*Drain +Fly rPois rC++} (You bought it in a shop in the Dungeon)
  2192 | D        | Bought a fine glass ring for 45 gold pieces
  2193 | D        | Identified the ring "Biry Aro" {Fire +Inv rN+++ Str+4} (You bought it in a shop in the Dungeon)
  2194 | D        | Bought a slimy bronze ring for 45 gold pieces
  2195 | D        | Identified the ring of Xom's Capriciousness {Ice Int+2} (You bought it in a shop in the Dungeon)
  2196 | D        | Bought a shimmering glass ring for 45 gold pieces
  2197 | D        | Identified the ring of Bodily Harmony {*Confuse rPois Int+3 Dex+2 Stlth+} (You bought it in a shop in the Dungeon)
  2198 | D        | Bought a sparkling lead ring for 45 gold pieces
  2199 | D        | Identified the ring of the Countless Nights {SustAt rElec rPois rC- Dex+4} (You bought it in a shop in the Dungeon)
  2200 | D        | Bought a fine ivory ring for 45 gold pieces
  2201 | D        | Identified the ring "Gaug" {Ice Int+3 Dex+5} (You bought it in a shop in the Dungeon)
  2202 | D        | Bought a shimmering lead ring for 45 gold pieces
  2203 | D        | Identified the ring of Sepe {rElec rC+ Dex+3 Slay+3 Stlth-} (You bought it in a shop in the Dungeon)
  2212 | D        | Round 14.
  2309 | D        | HP: 3/70 [boulder beetle (14)]
  2310 | D        | HP: 1/70 [chain lightning (2)]
  2315 | D        | Rolled over by a boulder beetle

Skill      XL: |  1  2  3  4  5  6  7  8  9 10 11 12 13 |
---------------+----------------------------------------+-----
Dodging        | 4 |  4.4
Stealth        | 3 |  3.3
Spellcasting   | 3 4 7 9 11 13 14 17 19 | 19.8
Conjurations   | 2 4 7 9 13 14 19 22 | 22.7
Air Magic      | 9 10 11 | 11.7
Fighting       | 1 2 3 |  3.7
Poison Magic   | 1 |  1.5
Fire Magic     | 3 |  3.1
Evocations     | 8 9 |  9.5
Shields        | 5 |  5.9
Ice Magic      | 6 |  6.3
Charms         | |  0.7

Action                   |  1- 3 |  4- 6 |  7- 9 | 10-12 | 13-15 || total
-------------------------+-------+-------+-------+-------+-------++-------
Melee: Short sword       |       |       |       |    19 |    34 ||    53
       Kick              |       |       |       |     9 |    24 ||    33
       Peck              |       |       |       |     8 |    17 ||    25
 Cast: Shock             |       |     9 |     7 |    13 |     7 ||    36
       Lightning Bolt    |       |     2 |    11 |    48 |    55 ||   116
       Static Discharge  |       |     2 |       |     1 |    12 ||    15
       Repel Missiles    |       |     1 |       |       |       ||     1
       Sting             |       |       |    36 |     5 |    19 ||    60
       Mephitic Cloud    |       |       |     7 |     5 |    12 ||    24
       Conjure Flame     |       |       |       |     3 |       ||     3
       Irradiate         |       |       |       |     3 |     2 ||     5
       Bolt of Fire      |       |       |       |     1 |       ||     1
       Chain Lightning   |       |       |       |       |    15 ||    15
       Freezing Cloud    |       |       |       |       |     2 ||     2
 Abil: Evoke Invisibilit |       |       |       |     2 |     1 ||     3
       Evoke Blink       |       |       |       |       |     2 ||     2
Evoke: Wand              |     1 |     1 |    12 |     6 |     3 ||    23
  Use: Potion            |       |     1 |     1 |     7 |    10 ||    19
       Scroll            |       |       |     2 |       |     1 ||     3
 Stab: Invisible         |       |       |       |     5 |     8 ||    13
       Confused          |       |       |       |       |     4 ||     4
  Eat: Bread ration      |       |       |     1 |       |       ||     1
       Royal jelly       |       |       |       |     2 |     1 ||     3
       Chunk             |       |       |       |     1 |     6 ||     7
Armor: Troll hide        |       |       |       |     4 |       ||     4
       Robe              |       |       |       |       |    15 ||    15
Dodge: Dodged            |       |     2 |     2 |    19 |    39 ||    62
       Deflected         |       |       |     1 |       |     1 ||     2
Block: Buckler           |       |       |       |       |    34 ||    34
